 Dungeon Crawl Stone Soup version 0.31.0-2-g5a2aebc5c2 (webtiles) character file.

Game seed: 6555247730846161662

9933 tilp the Severer (level 11, -1/148 HPs)
             Began as a Minotaur Berserker on Jan 21, 2024.
             Was an Elder of Trog.
             Slain by an apocalypse crab (9 damage)
             ... on level 2 of the Abyss.
             The game lasted 00:14:00 (9845 turns).

tilp the Severer (Minotaur Berserker)               Turns: 9845, Time: 00:14:00

Health: -1/148     AC: 13    Str: 26    XL:     11   Next: 29%
Magic:  10/10      EV: 10    Int:  4    God:    Trog [****..]
Gold:   441        SH:  0    Dex: 10    Spells: 10/10 levels left

rFire   . . .        a - +0 war axe
rCold   . . .        (no shield)
rNeg    . . .        f - +1 chain mail
rPois   .            (helmet restricted)
rElec   .            n - +1 cloak
rCorr   .            (no gloves)
SInv    .            (no boots)
Will    ++...        q - amulet of faith Stlth
                     (no ring)
HPRegen 1.00/turn    (no ring)
MPRegen 0.12/turn

%: faith
@: berserking (expiring), strong-willed, sick, regenerating, hasted, studying
Short Blades, very quick
A: horns 2, retaliatory headbutt
a: Renounce Religion, Berserk, Trog's Hand, Brothers in Arms


You were on level 2 of the Abyss.
You worshipped Trog.
Trog was greatly pleased with you.
You visited 1 branch of the dungeon, and saw 10 of its levels.
You visited the Abyss 1 time.

You collected 441 gold pieces.

Inventory:

Hand Weapons
 a - a +0 war axe (weapon)
 b - a +2 antimagic hand axe
 D - a +0 hand axe
Missiles
 j - 4 javelins (quivered)
 x - 4 atropa-tipped darts
 y - 21 poisoned darts
 E - 2 curare-tipped darts
Armour
 f - a +1 chain mail (worn)
 n - a +1 cloak (worn)
 A - a +0 plate armour
Jewellery
 q - an amulet of faith (around neck)
Wands
 l - a wand of paralysis (18)
 m - a wand of light (3)
 p - a wand of polymorph (10)
 w - a wand of digging (4)
 B - a wand of flame (14)
 G - a wand of mindburst (9)
Scrolls
 i - a scroll of torment
 k - a scroll of fear
 s - a scroll of revelation
 C - a scroll of immolation
Potions
 c - a potion of ambrosia
 d - 2 potions of heal wounds
 e - 3 potions of enlightenment
 g - 5 potions of attraction
 h - a potion of berserk rage
 r - 4 potions of lignification
 t - a potion of brilliance {unknown}
 u - 2 potions of haste
 v - a potion of cancellation {unknown}


   Skills:
 * Level 10.1 Fighting
 - Level 16.0 Axes
 + Level 0.9(10.4) Maces & Flails
 + Level 6.1 Armour
 * Level 6.1 Dodging
 + Level 2.1 Stealth
 - Level 4.0 Evocations


You had 10 spell levels left.
You didn't know any spells.
Your spell library was empty.

Dungeon Overview and Level Annotations

Branches:
Dungeon (10/15)            Temple (0/1) D:4            Lair (0/5) D:8
    Orc: D:9-12

Altars:
Ashenzari
Fedhas
Hepliaklqana
Okawaru
Yredelemnul

Shops:
D:9 (

Annotations:
D:6 dig vault
D:10 Sonja


Innate Abilities, Weirdness & Mutations

You have a pair of horns on your head.
You reflexively headbutt those who attack you in melee.


Message History

* * * LOW HITPOINT WARNING * * *
The bone dragon completely misses you.
You slice the bone dragon!!
The bone dragon is lightly damaged.
Unknown command.
You slash the bone dragon!
The bone dragon is moderately damaged.
You feel ill.
Unknown command.
You hit the bone dragon but do no damage.
You headbutt the bone dragon, but do no damage.
The bone dragon is moderately damaged.
The bone dragon bites you.
* * * LOW HITPOINT WARNING * * *
The bone dragon completely misses you. The bone dragon tramples you!
* * * LOW HITPOINT WARNING * * *
You stumble backwards!
You slice the bone dragon!!
The bone dragon is moderately damaged.
Unknown command.
You completely miss the bone dragon.
You headbutt the bone dragon, but do no damage.
The bone dragon is moderately damaged.
The bone dragon bites you!!
* * * LOW HITPOINT WARNING * * *
The bone dragon closely misses you.
The bone dragon tramples you but does no damage.
You slash the bone dragon!
The bone dragon is heavily damaged.
You hit the apocalypse crab.
Unknown command.
You hit the bone dragon.
You headbutt the bone dragon, but do no damage.
The bone dragon is heavily damaged.
You slash the apocalypse crab!
The apocalypse crab completely misses you.
The apocalypse crab claws you.
* * * LOW HITPOINT WARNING * * *
You are engulfed in flames!
You die...

#.. ..# ..≈ ######..#
..##..~
...#........... ..
.............. ..
....#..##..# ..# ..
#...#..##..##..##..
.##.#.............. ~.
.....x..D...........~.
~ ....#.@##..##. ##.
#~~ .
#.t##..##..##..#~≈
.......... ... . ...
............. .......
#...##..##..##..##.. #
. #..# #..# .. #..## .
.. ... .............
... . .. ..... .......
... . .>##..##..# .#
..


You could see a bone dragon, an ancient zyme and an apocalypse crab.

Vanquished Creatures
  An eidolon (Abyss:2)
  A sixfirhy (Abyss:2)
  2 worldbinders (Abyss:2)
  Jeremiah (D:9)
  2 trolls
  2 hornets
  Grinder (D:3)
  A wyvern (D:9)
  2 ynoxinuls (Abyss:2)
  2 fire bats (Abyss:2)
  A warg (D:8)
  13 yaks
  3 water moccasins
  2 orc warriors
  2 ice beasts (D:7)
  2 black bears
  An ogre (D:5)
  A small abomination (Abyss:2)
  2 wolves (D:8)
  4 centaurs
  A phantom (D:6)
  4 kobold brigands
  7 bullfrogs
  5 scorpions
  A wight (D:7)
  2 howler monkeys
  A bombardier beetle (D:5)
  A hound (D:6)
  6 orc priests
  2 jellies (D:7)
  Crazy Yiuf (D:4)
  A gnoll bouda (D:7)
  3 sleepcaps
  8 iguanas
  14 orc wizards
  5 gnolls (D:6)
  13 adders
  2 shadow imps
  A white imp (D:7)
  An ufetubus (Abyss:2)
  2 dart slugs
  3 ribbon worms
  31 orcs
  10 ball pythons
  12 endoplasms
  3 giant cockroaches
  9 hobgoblins
  9 jackals
  2 quokkas
  7 bats
  4 frilled lizards
  3 goblins
  23 kobolds
  6 rats
249 creatures vanquished.

Vanquished Creatures (others)
  4 starspawn tentacles (Abyss:2)
4 creatures vanquished.

Grand Total: 253 creatures vanquished

Notes
Turn   | Place    | Note
-------+----------+-------------------------------------------
     0 | D:1      | tilp the Minotaur Berserker began the quest for the Orb.
     0 | D:1      | Reached XP level 1. HP: 19/19 MP: 0/0
   142 | D:1      | Reached XP level 2. HP: 24/27 MP: 1/1
   169 | D:1      | Reached skill level 4 in Axes
   430 | D:1      | Reached ** piety under Trog
   494 | D:1      | Reached XP level 3. HP: 23/33 MP: 2/2
   865 | D:2      | Reached skill level 1 in Stealth
  1121 | D:2      | Reached XP level 4. HP: 40/40 MP: 3/3
  1270 | D:2      | Reached skill level 5 in Axes
  1616 | D:3      | Found an iron altar of Okawaru.
  1660 | D:3      | Noticed Grinder
  1666 | D:3      | Paralysed by Grinder for 4 turns
  1679 | D:3      | Killed Grinder
  1680 | D:3      | Reached XP level 5. HP: 47/47 MP: 4/4
  1680 | D:3      | Reached XP level 6. HP: 53/53 MP: 5/5
  2736 | D:4      | Reached skill level 6 in Axes
  2808 | D:4      | Reached skill level 5 in Fighting
  2961 | D:4      | Found a runed translucent door.
  2962 | D:4      | Noticed Crazy Yiuf
  3000 | D:4      | Reached *** piety under Trog
  3080 | D:4      | Found a staircase to the Ecumenical Temple.
  3703 | D:4      | Killed Crazy Yiuf
  3864 | D:5      | Entered Level 5 of the Dungeon
  3873 | D:5      | Reached XP level 7. HP: 61/61 MP: 6/6
  4161 | D:5      | Reached skill level 7 in Axes
  4161 | D:5      | Reached skill level 1 in Evocations
  4203 | D:5      | Found a basalt altar of Yredelemnul.
  4639 | D:5      | Found a hazy altar of Hepliaklqana.
  4644 | D:5      | Found a blossoming altar of Fedhas.
  5005 | D:6      | Reached skill level 5 in Armour
  5005 | D:6      | Reached XP level 8. HP: 51/70 MP: 7/7
  5197 | D:6      | Reached skill level 8 in Axes
  5380 | D:6      | You fall into a shaft and drop 3 floors!
  5381 | D:9      | Noticed Jeremiah
  5428 | D:8      | Noticed a hornet
  5433 | D:8      | Paralysed by a hornet for 2 turns
  5436 | D:8      | Killed a hornet
  5437 | D:8      | Reached skill level 5 in Dodging
  5630 | D:8      | Reached skill level 9 in Axes
  5690 | D:8      | Reached XP level 9. HP: 78/78 MP: 2/8
  5758 | D:8      | Found a staircase to the Lair.
  5975 | D:6      | Reached **** piety under Trog
  6505 | D:7      | Reached skill level 10 in Axes
  6914 | D:7      | Reached skill level 11 in Axes
  7680 | D:7      | Reached skill level 12 in Axes
  7862 | D:9      | Reached XP level 10. HP: 79/88 MP: 9/9
  8203 | D:9      | Killed Jeremiah
  8204 | D:9      | Reached skill level 13 in Axes
  8473 | D:9      | Reached skill level 14 in Axes
  8675 | D:9      | Found Usilui's Antique Weapon Emporium.
  8927 | D:9      | Reached skill level 15 in Axes
  9260 | D:10     | Entered Level 10 of the Dungeon
  9344 | D:10     | Reached ***** piety under Trog
  9615 | D:10     | Found a broken altar of Ashenzari.
  9618 | D:10     | Noticed Sonja
  9631 | Abyss:2  | Cast into level 2 of the Abyss (Sonja)
  9672 | Abyss:2  | Noticed a worldbinder
  9677 | Abyss:2  | Killed a worldbinder
  9678 | Abyss:2  | Reached skill level 16 in Axes
  9678 | Abyss:2  | Reached XP level 11. HP: 52/95 MP: 10/10
  9691 | Abyss:2  | Noticed a sixfirhy
  9701 | Abyss:2  | Killed a sixfirhy
  9739 | Abyss:2  | Noticed a tentacled starspawn
  9761 | Abyss:2  | Noticed an eidolon
  9779 | Abyss:2  | Killed an eidolon
  9800 | Abyss:2  | Reached skill level 10 in Fighting
  9809 | Abyss:2  | Noticed a Hell Sentinel
  9812 | Abyss:2  | HP: 1/99 [Hell Sentinel/damnation (41)]
  9827 | Abyss:2  | Noticed a bone dragon
  9845 | Abyss:2  | Slain by an apocalypse crab

Illustrated notes

Levels and vault maps discovered:
D:1:      scummos_arrival_hexagon, layout_rooms
D:2:      layout_loops_ring
D:3:      layout_basic, mainiacjoe_overflow_24_doors, uniq_grinder
D:4:      layout_basic, minmay_temple_entry_grid, dreamdust_princess_bridge,
          uniq_crazy_yiuf_cottage
D:5:      layout_loops_ring, minitemple, general_overflow_altar,
          chequers_arboretum
D:6:      layout_cave_pools, serial_glass, glass_columns_a, glass_columns_a,
          due_unseen_surprise, item_on_display_a, minmay_strange_pillars,
          dreamdust_gnoll_farm
D:7:      layout_basic, hangedman_glass_teeth, minmay_manual_monstrance
D:8:      layout_loops_cross, erik_lair_orcish_takeover, uniq_grum
D:9:      minmay_flawed_box, layout_long_grid, serial_shops, shop,
          grunt_ministairs_4, uniq_jeremiah
D:10:     layout_basic, nicolae_ashenzari_skybound,
          nicolae_overflow_crystal_walls, uniq_sonja, uniq_erica
Abyss:2:  base:
D:10

Skill      XL: |  1  2  3  4  5  6  7  8  9 10 11 |
---------------+----------------------------------+-----
Axes           | 4 5 6 7 9 12 16 | 16.0
Fighting       | 4 5 6 8 10 | 10.1
Stealth        | 1 2 |  2.1
Dodging        | 3 4 5 6 |  6.1
Armour         | 3 4 5 6 |  6.1
Evocations     | 1 3 4 |  4.0
Maces & Flails | |  0.9

Action                     |  1- 3 |  4- 6 |  7- 9 | 10-12 || total
---------------------------+-------+-------+-------+-------++-------
  Melee: Hand axe          |    92 |   156 |   307 |       ||   555
         Headbutt          |    11 |    15 |    67 |    41 ||   134
         Punch             |       |     1 |     2 |     2 ||     5
         War axe           |       |       |    21 |   215 ||   236
 Invoke: Berserk           |     1 |     3 |     5 |    10 ||    19
         Trog's Hand       |       |     1 |     2 |     3 ||     6
         Brothers in Arms  |       |       |       |     1 ||     1
    Use: Scroll            |     4 |     5 |     8 |     4 ||    21
         Potion            |       |       |       |     3 ||     3
 Armour: Animal skin       |    26 |       |       |       ||    26
         Chain mail        |    47 |   106 |   230 |   232 ||   615
  Dodge: Dodged            |    60 |    74 |   146 |   145 ||   425
